 Dungeon Crawl Stone Soup version 0.22-a0-388-g09e6169d0a (webtiles) character file.

3311 Horge the Cleaver (level 9, -3/81 HPs)
             Began as a Deep Dwarf Fighter on Apr 29, 2018.
             Was a Follower of Makhleb.
             Slain by an orc warrior
             ... wielding a +1 short sword of distortion
              (9 damage)
             ... on level 6 of the Dungeon.
             The game lasted 00:07:52 (4081 turns).

Horge the Cleaver (Deep Dwarf Fighter)              Turns: 4081, Time: 00:07:52

Health: -3/81      AC: 11    Str: 23    XL:     9   Next: 70%
Magic:  7/7        EV: 11    Int: 15    God:    Makhleb [*.....]
Gold:   295        SH: 10    Dex: 12    Spells: 8/8 levels left

rFire    . . .     SeeInvis .   a - +0 war axe
rCold    + . .     Gourm    .   c - +0 shield
rNeg     . . .     Faith    .   p - +4 ring mail {rC+}
rPois    .         Spirit   .   (no helmet)
rElec    .         Reflect  .   (no cloak)
rCorr    .         Harm     .   (no gloves)
MR       ++...                  v - +0 pair of boots
Stlth    +.........             (no amulet)
HPRegen  0.00/turn              s - ring of Diyfesmew {MR+ Slay+3}
MPRegen  0.10/turn              w - +6 ring of intelligence

@: non-regenerating
A: damage resistance, heal wounds, sense surroundings 2, no regeneration
a: Heal Wounds, Renounce Religion


You were on level 6 of the Dungeon.
You worshipped Makhleb.
Makhleb was aware of your devotion.
You were very hungry.

You visited 2 branches of the dungeon, and saw 7 of its levels.

You collected 295 gold pieces.

Inventory:

Hand Weapons
 a - a +0 war axe (weapon)
Armour
 b - a +0 scale mail
 c - a +0 shield (worn)
 p - a +4 ring mail of cold resistance (worn)
 v - a +0 pair of boots (worn)
Jewellery
 s - the ring of Diyfesmew (left hand) {MR+ Slay+3}
   (You found it on level 5 of the Dungeon)

   [ring of protection from magic]

   It affects your accuracy and damage with ranged weapons and melee attacks
   (+3).
   It affects your resistance to hostile enchantments.
 w - a +6 ring of intelligence (right hand)
 A - an uncursed ring of loudness
Wands
 i - a wand of enslavement (17)
 y - a wand of flame (43)
Scrolls
 e - 6 scrolls of teleportation
 g - a scroll of blinking {unknown}
 m - 2 scrolls of amnesia {unknown}
 q - a scroll of enchant weapon {unknown}
 r - 3 scrolls of identify {unknown}
 t - 2 scrolls of fog {unknown}
 z - a scroll of noise {unknown}
Potions
 d - 2 potions of might
 h - 3 potions of mutation {unknown}
 j - a potion of resistance {unknown}
 k - 4 potions of flight {unknown}
 l - a potion of heal wounds {unknown}
 n - 3 potions of curing {unknown}
 u - a potion of cancellation {unknown}
 x - a potion of lignification {unknown}
Comestibles
 f - 13 rations


   Skills:
 + Level 5.5 Fighting
 + Level 11.3 Axes
 + Level 5.3 Armour
 + Level 4.1 Dodging
 + Level 6.2 Shields


You had 8 spell levels left.
You didn't know any spells.

Dungeon Overview and Level Annotations

Branches:
Dungeon (6/15)             Temple (1/1) D:5

Altars:
Cheibriados
Dithmenos
Fedhas
Kikubaaqudgha
Makhleb
Nemelex Xobeh
Okawaru
Qazlal
Ru
Sif Muna
Trog
Uskayaw
Vehumet
Wu Jian
Xom
Yredelemnul
The Shining One


Innate Abilities, Weirdness & Mutations

You are resistant to damage.
You can heal yourself by infusing magical energy.
You passively map the area around you.
You do not regenerate.


Message History

No target in view!
No target in view!
No target in view!
No target in view!
No target in view!
No target in view!
There is a strange disturbance nearby!
There is a strange disturbance nearby!
No target in view!
Something hits you but does no damage. Space warps horribly around you!
You see here a stone.
You closely miss something. Something hits you!
Space warps horribly around you!
* * * LOW HITPOINT WARNING * * *
You slash something! Something hits you!
* * * LOW HITPOINT WARNING * * *
Space bends around you.
* * * LOW HITPOINT WARNING * * *
You hit something but do no damage. Something hits you!
You die...

.....#.##.....# #......##......
######.##.....#####......##......
#........................##......
#.#....###########...............
. #.#### #......#.######.....###
, #.#######.#..#)#.# #.....#
#.#....#'##.#....#.# #.....#
#...........#..#...# #.....#
#.......)...#.##@### #.....#
#........<..#...{### #.....#
#...........####...# #.....#
###########....#.#.# , * *
.......#.# * , , ,, * *.##..#..,#
, * ,, . ,....#* * , * #.###. , *
, , #. ., ,


There were no monsters in sight!

Vanquished Creatures
  A two-headed ogre (D:5)
  Pikel (D:5)
  Sigmund (D:2)
  Duvessa (D:6)
  2 slaves (D:5)
  2 orc warriors (D:6)
  3 ice beasts (D:5)
  A black bear (D:6)
  A necrophage (D:5)
  An ogre (D:4)
  A phantom (D:5)
  A centaur (D:5)
  3 bullfrogs
  Dowan (D:6)
  4 crimson imps
  A bullfrog zombie (D:5)
  A jelly (D:5)
  3 orc priests
  A bullfrog skeleton (D:5)
  3 orc wizards
  2 iguanas (D:4)
  Terence (D:3)
  3 worker ants
  A killer bee zombie (D:5)
  A hound skeleton (D:5)
  A worker ant zombie (D:6)
  7 gnolls (D:3)
  5 adders
  3 oozes
  A worm (D:2)
  6 dart slugs
  3 leopard geckos
  17 orcs
  9 giant cockroaches
  2 gnoll zombies (D:3)
  6 goblins
  3 hobgoblins
  10 jackals
  2 quokkas
  2 ball pythons (D:1)
  8 bats
  7 frilled lizards
  5 kobolds
  10 rats
148 creatures vanquished.

Notes
Turn   | Place    | Note
-------+----------+-------------------------------------------
     0 | D:1      | Horge the Deep Dwarf Fighter began the quest for the Orb.
     0 | D:1      | Reached XP level 1. HP: 20/20 MP: 1/1
   116 | D:1      | Reached skill level 3 in Axes
   116 | D:1      | Reached XP level 2. HP: 14/27 MP: 2/2
   398 | D:1      | Reached XP level 3. HP: 32/33 MP: 3/3
   512 | D:1      | Reached skill level 4 in Axes
   772 | D:2      | Noticed Sigmund
   814 | D:2      | Killed Sigmund
   814 | D:2      | Reached skill level 6 in Axes
   814 | D:2      | Reached XP level 4. HP: 28/40 MP: 4/4
   814 | D:2      | Reached XP level 5. HP: 33/46 MP: 5/5
  1353 | D:3      | Reached XP level 6. HP: 27/55 MP: 6/6
  1386 | D:3      | Found a shadowy altar of Dithmenos.
  1439 | D:3      | Noticed Terence
  1445 | D:3      | Killed Terence
  1515 | D:3      | Reached skill level 1 in Dodging
  1546 | D:3      | Found an ancient bone altar of Kikubaaqudgha.
  1636 | D:3      | Found a basalt altar of Yredelemnul.
  1969 | D:4      | Reached skill level 7 in Axes
  2269 | D:4      | Reached XP level 7. HP: 40/62 MP: 7/7
  2727 | D:5      | Entered Level 5 of the Dungeon
  2744 | D:5      | Got a steaming pewter ring
  2745 | D:5      | Identified the ring of Diyfesmew {MR+ Slay+3} (You found it on level 5 of the Dungeon)
  2792 | D:5      | Reached skill level 8 in Axes
  2795 | D:5      | Found a staircase to the Ecumenical Temple.
  2833 | Temple   | Entered the Ecumenical Temple
  2943 | Temple   | Became a worshipper of Makhleb the Destroyer
  3056 | D:5      | Reached XP level 8. HP: 34/72 MP: 8/8
  3157 | D:5      | Noticed Pikel
  3167 | D:5      | Killed Pikel
  3167 | D:5      | Reached skill level 9 in Axes
  3167 | D:5      | Reached skill level 5 in Shields
  3184 | D:5      | Noticed a two-headed ogre
  3205 | D:5      | Killed a two-headed ogre
  3205 | D:5      | Reached skill level 10 in Axes
  3205 | D:5      | Gained mutation: You passively map the area around you. [Deep Dwarf growth]
  3205 | D:5      | Reached XP level 9. HP: 63/80 MP: 9/9
  3254 | D:5      | Reached skill level 5 in Fighting
  3422 | D:5      | Reached * piety under Makhleb
  3578 | D:6      | HP: 3/81 [orc warrior/short sword (11)]
  3581 | D:6      | Reached skill level 11 in Axes
  3581 | D:6      | Reached skill level 5 in Armour
  3780 | D:6      | Noticed Duvessa
  3780 | D:6      | Noticed Dowan
  3784 | D:6      | Killed Dowan
  3791 | D:6      | Killed Duvessa
  4081 | D:6      | Slain by an orc warrior

Vault maps used:
D:1:      minmay_arrival_jagged
D:2:      first_ration, minmay_misc_feat_tiny, uniq_sigmund
D:3:      grunt_dithmenos_smoke_and_mirrors, lemuel_zombie_altar_yredelemnul,
          nicolae_overflow_crystal_walls, dk_noncrumbling_4, uniq_terence
D:5:      minmay_temple_entry_statues_pillars, uniq_pikel
D:6:      uniq_duvessa
Temple:   dpeg_five_rooms_temple

Skill      XL: |  1  2  3  4  5  6  7  8  9 |
---------------+----------------------------+-----
Axes           | 3 6 7 8 10 11 | 11.3
Dodging        | 1 2 3 4 |  4.1
Fighting       | 3 4 5 |  5.5
Armour         | 4 5 |  5.3
Shields        | 4 5 6 |  6.2

Action                   |  1- 3 |  4- 6 |  7- 9 || total
-------------------------+-------+-------+-------++-------
Melee: War axe           |   111 |   154 |   230 ||   495
 Abil: Heal Wounds       |     4 |     3 |     8 ||    15
  Use: Scroll            |       |     4 |     1 ||     5
  Eat: Chunk             |       |     4 |     6 ||    10
Armor: Scale mail        |    65 |    49 |       ||   114
       Ring mail         |       |    27 |    88 ||   115
Dodge: Dodged            |    42 |    59 |    68 ||   169
Block: Shield            |    64 |    87 |   117 ||   268

Table legend:
 A = Spawn XP
 B = Non-spawn XP
 C = Spawn XP percentage of total XP
 D = Spawn monster count
 E = Non-spawn monster count
 F = Spawn count percentage of total count
 G = Total turns spent on level
                    A         B        C        D         E        F      G
               +---------+---------+-------+---------+---------+-------+---------
         Total |       0 |    4730 |   0.0 |       0 |     146 |   0.0 |  4081
               +---------+---------+-------+---------+---------+-------+---------
           D:1 |       0 |      47 |   0.0 |       0 |      30 |   0.0 |   740
           D:2 |       0 |     277 |   0.0 |       0 |      16 |   0.0 |   541
           D:3 |       0 |     199 |   0.0 |       0 |      31 |   0.0 |   530
           D:4 |       0 |     366 |   0.0 |       0 |      16 |   0.0 |   916
           D:5 |       0 |    2713 |   0.0 |       0 |      30 |   0.0 |   646
           D:6 |       0 |    1128 |   0.0 |       0 |      23 |   0.0 |   521
               +---------+---------+-------+---------+---------+-------+---------
